 Dungeon Crawl Stone Soup version 0.19.0-11-g3fc08b3 (webtiles) character file.

1713 Stormleaks the Cleaver (level 8, -7/71 HPs)
             Began as a Minotaur Berserker on Nov 8, 2016.
             Was a High Priest of Trog.
             Mangled by a cyclops (18 damage)
             ... on level 7 of the Dungeon.
             The game lasted 00:24:17 (4822 turns).

Stormleaks the Cleaver (Minotaur Berserker)         Turns: 4822, Time: 00:24:18

Health: -7/71      AC:  8    Str: 23 (24) XL:     8   Next: 74%
Magic:  7/7        EV: 12    Int:  6      God:    Trog [*****.]
Gold:   394        SH:  0    Dex:  8 (10) Spells: 0 memorised, 7 levels left

rFire  . . .     SeeInvis .     x - +4 dire flail
rCold  + . .     Gourm    .     p - +2 ring mail {rC+}
rNeg   . . .     Faith    +     (shield currently unavailable)
rPois  +         Spirit   .     (helmet restricted)
rElec  .         Reflect  .     (no cloak)
rCorr  .         Harm     .     (no gloves)
MR     ++...                    (no boots)
Stlth  +.........               d - amulet of faith
                                o - ring of poison resistance
                                n - +2 ring of intelligence

@: regenerating
A: retaliatory headbutt, horns 2
a: Berserk, Trog's Hand, Brothers in Arms, Burn Spellbooks, Renounce Religion


You were on level 7 of the Dungeon.
You worshipped Trog.
Trog was extremely pleased with you.
You were near starving.

You visited 1 branch of the dungeon, and saw 7 of its levels.
You also visited: Sewer.

You collected 394 gold pieces.

Inventory:

Hand Weapons
 a - a +1 hand axe
 x - a +4 dire flail (weapon)
Armour
 b - a +0 animal skin
 e - a +0 ring mail
 k - a +0 helmet
 p - a +2 ring mail of cold resistance (worn)
 y - a +2 chain mail of positive energy
Jewellery
 d - an amulet of faith (around neck)
 n - a +2 ring of intelligence (left hand)
 o - a ring of poison resistance (right hand)
 u - an uncursed ring of wizardry
Scrolls
 f - 4 scrolls of remove curse
 g - a scroll of identify
 h - a scroll of magic mapping
 r - 2 scrolls of teleportation
 v - a scroll of recharging
Potions
 i - 5 potions of curing
 j - a potion of degeneration
 l - a potion of cure mutation
 m - 2 potions of haste {unknown}
 w - a potion of magic
Comestibles
 c - a bread ration
 q - 4 meat rations
 s - a royal jelly
 t - a beef jerky


   Skills:
 + Level 6.9 Fighting
 + Level 9.6 Axes
 + Level 0.2(6.0) Maces & Flails
 + Level 6.9 Armour
 + Level 4.6 Dodging
 + Level 0.8 Stealth


You had 7 spell levels left.
You didn't know any spells.

Dungeon Overview and Level Annotations

Branches:
Dungeon (7/15)
 Temple: D:4-7

Altars:
Dithmenos
Elyvilon
Gozag
Hepliaklqana
Kikubaaqudgha

Shops:
D:7 !


Innate Abilities, Weirdness & Mutations

You reflexively headbutt those who attack you in melee.
You have a pair of horns on your head.


Message History

A cyclops comes into view.
The cyclops shouts!
The cyclops throws a large rock.
The large rock hits you!
You see here a large rock.
The cyclops throws a large rock.
The large rock closely misses you.
The cyclops throws a large rock.
The large rock hits you!!!
Ouch! That really hurt!
* * * LOW HITPOINT WARNING * * *
You see here a large rock.
The cyclops hits you!
* * * LOW HITPOINT WARNING * * *
You hit the cyclops. You headbutt the cyclops!
The cyclops is moderately wounded.
Your skin crawls.
You feel resistant to hostile enchantments.
You feel somewhat more hungry. The cyclops barely misses you.
You barely miss the cyclops.
The cyclops is moderately wounded.
The cyclops hits you!!
You die...

#### #.#
..# #.#
#C# #.#
#@# #.#
#(# #.#
#.# #.#
#.#
######<##
#(#
...(....#
#.#
######..#
#(# ####
#..# #.#
>..# #..#
#.#


You could see a cyclops.

Vanquished Creatures
  A water moccasin (D:7)
  A necrophage (D:6)
  A centaur (D:5)
  2 big kobolds (Sewer)
  A water moccasin zombie (D:6)
  A water moccasin skeleton (D:6)
  3 killer bees (D:7)
  3 wights (D:7)
  A howler monkey (D:5)
  2 crimson imps
  2 bullfrog zombies
  A quasit (D:7)
  3 hounds (D:6)
  An orc priest (D:4)
  4 jellies
  Ijyb (D:2)
  4 orc wizards
  3 worker ants
  A hound zombie (D:6)
  7 adders
  3 river rats
  3 shadow imps
  7 oozes
  An adder zombie (D:5)
  4 worms
  A dart slug (D:2)
  7 leopard geckos
  17 orcs
  7 giant cockroaches
  9 goblins
  6 hobgoblins
  10 jackals
  6 kobolds
  A quokka (D:2)
  3 ball pythons (Sewer)
  A ball python skeleton (D:5)
  8 bats
  3 frilled lizards
  9 rats
149 creatures vanquished.

Notes
Turn   | Place    | Note
-------+----------+-------------------------------------------
     0 | D:1      | Stormleaks the Minotaur Berserker began the quest for the Orb.
     0 | D:1      | Reached XP level 1. HP: 19/19 MP: 0/0
   139 | D:1      | Reached XP level 2. HP: 27/27 MP: 1/1
   235 | D:1      | Reached skill level 4 in Axes
   374 | D:1      | Reached ** piety under Trog
   531 | D:1      | Reached XP level 3. HP: 33/33 MP: 2/2
   807 | D:2      | Noticed Ijyb
   816 | D:2      | Killed Ijyb
   912 | D:2      | Found an opulent altar of Gozag.
   954 | D:2      | Found a faded altar of an unknown god.
   966 | D:2      | Reached XP level 4. HP: 41/41 MP: 3/3
  1530 | D:3      | Reached skill level 5 in Axes
  1570 | D:3      | Reached *** piety under Trog
  1735 | D:3      | Reached XP level 5. HP: 28/47 MP: 4/4
  2019 | D:4      | Reached skill level 5 in Fighting
  2036 | D:4      | You fall through a shaft!
  2036 | D:5      | Entered Level 5 of the Dungeon
  2159 | D:5      | Reached skill level 6 in Axes
  2159 | D:5      | Reached XP level 6. HP: 52/56 MP: 5/5
  2236 | D:5      | Reached **** piety under Trog
  2252 | D:5      | Found an ancient bone altar of Kikubaaqudgha.
  2252 | D:5      | Found a shadowy altar of Dithmenos.
  2252 | D:5      | Found a white marble altar of Elyvilon.
  2252 | D:5      | Found a hazy altar of Hepliaklqana.
  2600 | D:5      | Reached XP level 7. HP: 51/61 MP: 6/6
  2681 | D:5      | Reached skill level 7 in Axes
  3040 | D:6      | Reached skill level 5 in Armour
  3184 | D:6      | Reached skill level 8 in Axes
  3455 | D:6      | Found a glowing drain.
  3466 | Sewer    | Entered a sewer
  3532 | Sewer    | Reached XP level 8. HP: 55/70 MP: 7/7
  3661 | Sewer    | Reached ***** piety under Trog
  4048 | D:7      | Reached skill level 9 in Axes
  4193 | D:7      | Found Usenuapp's Distillery.
  4814 | D:7      | Noticed a cyclops
  4822 | D:7      | Mangled by a cyclops

Skill      XL: |  1  2  3  4  5  6  7  8 |
---------------+-------------------------+-----
Fighting       | 4 5 6 |  6.9
Axes           | 4 5 6 8 9 |  9.6
Armour         | 3 4 5 6 |  6.9
Dodging        | 3 4 |  4.6
Maces & Flails | |  0.2
Stealth        | |  0.8

Action                   |  1- 3 |  4- 6 |  7- 9 || total
-------------------------+-------+-------+-------++-------
Melee: Hand axe          |    58 |   122 |   220 ||   400
       Headbutt          |    13 |    25 |    43 ||    81
       Dire flail        |       |       |     6 ||     6
Invok: Berserk           |       |     1 |     3 ||     4
       Burn Spellbooks   |       |     1 |       ||     1
       Trog's Hand       |       |     1 |     1 ||     2
  Use: Scroll            |     2 |     5 |     6 ||    13
       Potion            |       |     5 |     4 ||     9
  Eat: Bread ration      |       |     2 |       ||     2
       Meat ration       |       |       |     1 ||     1
       Pizza             |       |       |     1 ||     1
Armor: Ring mail         |    29 |    55 |    76 ||   160
       Animal skin       |     2 |       |       ||     2
Dodge: Dodged            |    46 |    96 |   125 ||   267
